 Dungeon Crawl Stone Soup version 0.26-a0-1164-g1a551d6a14 (webtiles) character file.

Game seed: 16677018620246088836

133214 voltaire321 the Peltast (level 16, -2/144 HPs)
             Began as a Green Draconian Conjurer on Dec 22, 2020.
             Was a High Priest of Vehumet.
             Shot with a sling bullet by a satyr (33 damage)
             ... on level 3 of the Shoals on Dec 23, 2020.
             The game lasted 03:31:58 (39601 turns).

voltaire321 the Peltast (Green Draconian Conjurer) Turns: 39601, Time: 03:31:58

Health: -2/144     AC: 19    Str: 10    XL:     16   Next: 59%
Magic:  33/38      EV: 10    Int: 32    God:    Vehumet [*****.]
Gold:   2227       SH:  0    Dex: 12    Spells: 7/34 levels left

rFire    + + +     SeeInvis +   f - +12 trident "Erchiani" {freeze, rF+ Int+5}
rCold    + + .     Faith    .   y - +2 shield of Resistance {rF++ rC++ Will++}
rNeg     . . .     Spirit   .   (armour unavailable)
rPois    +         Reflect  +   Q - +1 hat of Omission {rPois rCorr Int-2 SInv}
rElec    .         Harm     .   N - +2 cloak {Stlth+}
rCorr    +         Rampage  .   G - +2 pair of gloves {archery}
Will     +++..                  a - +2 pair of boots
Stlth    +.........             d - amulet of reflection
HPRegen  0.34/turn              P - ring of magical power
MPRegen  0.26/turn              K - +6 ring of intelligence

@: about to teleport, afraid, held, very slow
A: breathe noxious fumes, unfitting armour, stinger 1, poison resistance,
cold-blooded, AC +9
a: Breathe Noxious Fumes, Renounce Religion


You were on level 3 of the Shoals.
You worshipped Vehumet.
Vehumet was extremely pleased with you.
You visited 5 branches of the dungeon, and saw 27 of its levels.
You also visited: Ossuary and Ice Cave.

You collected 2841 gold pieces.
You spent 614 gold pieces at shops.

Inventory:

Hand Weapons
 f - the +12 trident "Erchiani" (weapon) {freeze, rF+ Int+5}
   (You found it on level 1 of the Lair of Beasts)

   It has been specially enchanted to freeze those struck by it, causing extra
   injury to most foes and up to half again as much damage against particularly
   susceptible opponents.
   It can also slow down cold-blooded creatures.
   It affects your intelligence (+5).
   It protects you from fire.
 V - the +1 battleaxe of Xadus {freeze, rElec Will+ Str+4}
   (You found it on level 5 of the Lair of Beasts)

   It has been specially enchanted to freeze those struck by it, causing extra
   injury to most foes and up to half again as much damage against particularly
   susceptible opponents.
   It can also slow down cold-blooded creatures.
   It affects your strength (+4).
   It insulates you from electricity.
   It affects your willpower, your defense against some magical effects.
Missiles
 U - 9 curare-tipped darts (quivered)
Armour
 a - a +2 pair of boots (worn)
 y - the +2 shield of Resistance (worn) {rF++ rC++ Will++}
   (You found it on level 9 of the Dungeon)

   It greatly protects you from fire.
   It greatly protects you from cold.
   It affects your willpower, your defense against some magical effects.
 D - a +2 hat of willpower
 G - a +2 pair of gloves of archery (worn)
 N - a +2 cloak of stealth (worn)
 Q - the +1 hat of Omission (worn) {rPois rCorr Int-2 SInv}
   (You found it on level 3 of the Lair of Beasts)

   It affects your intelligence (-2).
   It protects you from poison.
   It lets you see invisible.
   It provides partial protection from all sources of acid and corrosion.
Jewellery
 d - an amulet of reflection (around neck)
 g - an uncursed amulet of regeneration
 p - a +4 ring of evasion
 x - an uncursed ring of magical power
 E - an uncursed amulet of magic regeneration
 K - a +6 ring of intelligence (right hand)
 P - a ring of magical power (left hand)
 X - a +4 ring of evasion
Wands
 h - a wand of paralysis (14)
 t - a wand of digging (13)
 z - a wand of flame (7)
 A - a wand of polymorph (7)
 C - a wand of acid (39)
Scrolls
 b - 4 scrolls of blinking
 e - 2 scrolls of vulnerability {unknown}
 i - 2 scrolls of magic mapping
 k - a scroll of holy word
 l - 7 scrolls of fear
 m - 5 scrolls of teleportation
 q - 5 scrolls of identify
 H - a scroll of enchant weapon
 J - 6 scrolls of remove curse
 L - 3 scrolls of fog
 O - 2 scrolls of brand weapon
 R - a scroll of enchant armour
 Y - a scroll of amnesia
Potions
 c - 2 potions of flight
 j - 3 potions of berserk rage
 n - 4 potions of magic
 o - 3 potions of lignification
 r - 5 potions of cancellation
 s - 3 potions of haste
 u - 2 potions of heal wounds
 v - 14 potions of curing
 w - 5 potions of mutation
 B - 3 potions of might
 I - a potion of brilliance
 M - a potion of resistance
 T - 3 potions of invisibility
 W - a potion of ambrosia
Miscellaneous
 F - a condenser vane


   Skills:
 + Level 13.5 Fighting
 - Level 6.0 Polearms
 * Level 12.0 Dodging
 - Level 1.7 Stealth
 - Level 15.0 Shields
 + Level 9.7 Spellcasting
 + Level 11.5 Conjurations
 - Level 5.0 Summonings
 + Level 5.1 Fire Magic
 - Level 8.0 Air Magic


You had 7 spell levels left.
You knew the following spells:

 Your Spells              Type           Power        Failure   Level
a - Magic Dart            Conj           100%         1%          1
b - Searing Ray           Conj           100%         1%          2
c - Dazzling Flash        Conj/Hex       100%         1%          3
d - Orb of Destruction    Conj           36%          7%          7
f - Fireball              Conj/Fire      31%          1%          5
g - Summon Lightning Spi  Summ/Air       55%          2%          4
h - Bolt of Magma         Conj/Fire/Erth 25%          2%          5

Your spell library contained the following spells:

 Spells                   Type           Power        Failure   Level
 Iskenderun's Battlesphe  Conj           73%          1%          5
 Summon Small Mammal      Summ           100%         1%          1
 Ignite Poison            Fire/Tmut/Pois 26%          1%          3
 Inner Flame              Hex/Fire       32%          1%          3
 Fulminant Prism          Conj/Hex       25%          1%          4
 Iskenderun's Mystic Bla  Conj/Tloc      51%          1%          4
 Sticky Flame             Conj/Fire      62%          1%          4
 Irradiate                Conj/Tmut      25%          2%          5
 Conjure Ball Lightning   Conj/Air       33%          2%          6
 Animate Skeleton         Necr           30%          3%          1
 Apportation              Tloc           30%          3%          1
 Corona                   Hex            16%          3%          1
 Pain                     Necr           60%          3%          1
 Slow                     Hex            15%          4%          2
 Starburst                Conj/Fire      31%          4%          6
 Confusing Touch          Hex            15%          10%         3
 Gell's Gravitas          Tloc           7%           10%         3
 Portal Projectile        Hex/Tloc       30%          10%         3
 Vampiric Draining        Necr           7%           10%         3
 Silence                  Hex/Air        20%          17%         5
 Yara's Violent Unravell  Hex/Tmut       7%           22%         5
 Animate Dead             Necr           7%           30%         4
 Cause Fear               Hex            7%           30%         4
 Leda's Liquefaction      Hex/Erth       7%           30%         4
 Petrify                  Tmut/Erth      15%          30%         4
 Agony                    Necr           15%          65%         5
 Metabolic Englaciation   Hex/Ice        7%           65%         5
 Hydra Form               Tmut           7%           99%         6
 Statue Form              Tmut/Erth      10%          99%         6
 Dragon Form              Tmut           7%           100%        7
 Ignition                 Fire           24%          99%         8
 Tornado                  Air            30%          100%        9


Dungeon Overview and Level Annotations

Branches:
Dungeon (15/15)            Temple (1/1) D:6            Lair (6/6) D:9
 Shoals (3/4) Lair:2       Spider (0/4) Lair:3        Slime (0/5) Lair:5
    Orc (2/2) D:10            Elf (0/3) Orc:2        Vaults (0/5) D:14
 Depths (0/5) D:15        Ossuary (visited)           IceCv (visited)

Altars:
Ashenzari
Cheibriados
Dithmenos
Elyvilon
Fedhas
Gozag
Hepliaklqana
Kikubaaqudgha
Makhleb
Nemelex Xobeh
Okawaru
Qazlal
Ru
Sif Muna
Trog
Uskayaw
Vehumet
Wu Jian
Xom
Yredelemnul
Zin
The Shining One
Beogh

Shops:
D:8 *(:(=   D:13 [?=   Orc:1 *   Orc:2 (=*[

Annotations:
D:4 2 transporters
D:9 4 runed translucent doors, Orlauf's ghost, journeyman DsGl
D:15 Roxanne
Lair:1 3 runed translucent doors, Frask's ghost, journeyman MiMo; Numknucks's ghost, journeyman GrWz
Lair:2 1 runed translucent door, sokol815's ghost, journeyman OpAr


Innate Abilities, Weirdness & Mutations

You can breathe blasts of noxious fumes.
Your lurid green scales are hard. (AC +9)
You cannot fit into any form of body armour.
Your tail ends in a poisonous barb.
Your system is resistant to poisons. (rPois)
You are cold-blooded and may be slowed by cold attacks.


Message History

Aim: a merfolk impaler, wielding a +0 trident and wearing a +0 chain mail (water)
The fireball explodes!
The fireball engulfs the merfolk impaler!!
The merfolk impaler is moderately wounded.
The fireball engulfs the merfolk!!!
The merfolk is severely wounded.
The fireball engulfs the merfolk!!
The merfolk is moderately wounded.
The fireball engulfs the merfolk.
The merfolk is lightly wounded.
The merfolk is engulfed in a cloud of scalding steam.
The merfolk barely misses you.
The merfolk is engulfed in a cloud of scalding steam.
The merfolk barely misses you.
The merfolk impaler is engulfed in a cloud of scalding steam.
The merfolk impaler misses you.
The snapping turtle bites you from afar!!
* * * LOW HITPOINT WARNING * * *
The satyr shoots a sling bullet.
The sling bullet hits you!!
You die...

#.≈≈≈≈≈≈≈≈≈≈≈≈≈
#.≈≈≈≈≈≈≈≈≈≈≈≈≈
##≈≈≈≈≈≈≈≈≈≈≈≈≈
##..≈≈≈≈≈≈≈≈≈≈≈≈
#(≈≈≈≈≈≈m≈≈≈≈≈≈≈
#.≈c≈≈tmmm≈≈≈≈≈≈
.≈≈≈≈≈≈§§§≈≈≈≈≈≈
≈≈≈≈≈≈≈≈@≈≈≈≈≈≈≈
≈≈≈≈≈≈≈≈≈≈≈≈≈≈≈≈
≈≈≈≈≈≈≈≈≈≈≈≈≈≈≈≈
≈≈≈≈≈≈≈≈≈≈≈≈≈≈≈≈
≈≈≈≈≈...≈≈≈≈≈≈≈≈
≈≈≈≈≈≈...≈≈≈≈≈≈≈
≈≈≈≈≈..#..≈≈≈≈≈≈
≈≈≈≈≈≈###.≈≈≈≈≈≈
≈≈≈≈≈≈ .≈≈≈≈≈


You could see a merfolk impaler, a satyr (scary), a snapping turtle and 2
merfolk.

Vanquished Creatures
  Jorgrun (Orc:2)
  Rupert (Lair:4)
  Louise (D:15)
  2 orc warlords
  Snorg (Lair:3)
  3 fire dragons
  7 hydras
  3 merfolk avatars
  2 centaur warriors
  6 boulder beetles
  10 two-headed ogres
  2 ogre magi
  4 catoblepae
  3 death yaks (Lair:4)
  2 tengu warriors (D:15)
  2 orc high priests (Orc:2)
  A skeletal warrior (D:11)
  A swamp dragon (Lair:6)
  A wizard (D:15)
  6 sea snakes
  Pikel (D:4)
  A glowing orange brain (D:9)
  A necromancer (D:11)
  8 orc sorcerers
  3 deep elf magi
  7 harpies
  8 ugly things
  10 manticores
  6 orc knights
  A lindwurm (Lair:6)
  4 slime creatures (D:12)
  4 fauns
  7 centaur zombies
  Joseph (D:7)
  7 cyclopes
  2 black mambas (Lair:1)
  6 elephants (Lair:3)
  3 water nymphs
  3 torpor snails
  2 merfolk sirens
  Maggie (D:7)
  10 centaur skeletons
  10 cane toads
  10 komodo dragons
  5 rime drakes
  A demonic crawler (Lair:3)
  An efreet (D:15)
  A tengu conjurer (D:15)
  3 polar bears
  8 merfolk
  A jumping spider (Lair:3)
  10 trolls
  A hornet (D:9)
  Grinder (D:4)
  3 wind drakes (Shoals:2)
  Prince Ribbit (D:5)
  2 dream sheep (Lair:6)
  17 blink frogs
  4 flying skulls (D:11)
  A meliai zombie (D:11)
  2 water elementals (Shoals:1)
  A spriggan (Lair:3)
  2 shadows (D:11)
  2 snapping turtles
  A vampire (D:12)
  7 wraiths
  Sigmund (D:3)
  48 yaks
  4 wyverns
  3 hogs (D:15)
  4 basilisks
  2 steam dragons
  5 wargs
  2 soldier ants
  2 acid dragons (Lair:6)
  Edmund (D:5)
  10 water moccasins
  2 swamp drakes (Lair:6)
  2 black bears
  2 necrophages
  15 ice beasts
  7 sky beasts
  21 ogres
  35 orc warriors
  A phantom (D:11)
  5 boggarts (D:15)
  19 centaurs
  9 wolves
  2 elf zombies
  14 bullfrogs
  2 big kobolds (D:9)
  A water moccasin zombie (D:11)
  A water moccasin skeleton (D:4)
  7 scorpions
  6 killer bees (D:12)
  17 wights
  4 howler monkeys
  6 bullfrog zombies
  A quasit (D:12)
  Crazy Yiuf (D:7)
  5 bullfrog skeletons
  3 hounds
  2 human zombies
  7 jellies
  20 orc priests
  18 orc wizards
  A gnoll shaman (D:8)
  2 human skeletons (D:8)
  4 iguanas
  18 worker ants
  5 big kobold zombies (Ossuary)
  4 mummies
  A howler monkey zombie (D:11)
  14 gnolls
  11 adders
  3 white imps
  5 ufetubi
  An ooze (D:5)
  4 adder zombies
  An adder skeleton (D:5)
  5 worms
  4 dart slugs
  9 leopard geckos
  96 orcs
  A ball python (D:3)
  8 bats
  7 giant cockroaches
  6 goblins
  14 hobgoblins
  8 jackals
  14 kobolds
  7 quokkas
  7 frilled lizards
  8 hobgoblin zombies (Ossuary)
  2 jackal zombies (Ossuary)
  11 kobold zombies (Ossuary)
  A leopard gecko skeleton (D:5)
  An orc skeleton (D:8)
  8 orc zombies (Ossuary)
  A quokka zombie (D:7)
  15 rats
  A rat zombie (Ossuary)
875 creatures vanquished.

Vanquished Creatures (collateral kills)
  A merfolk avatar (Shoals:2)
  An orc sorcerer (Orc:2)
  2 merfolk (Shoals:2)
  4 orcs
8 creatures vanquished.

Vanquished Creatures (others)
  Kirke (D:15)
  A water nymph (Shoals:2)
  2 orcs
  52 ball lightnings
  81 fungi
  94 plants
  3 withered plants (Lair:1)
234 creatures vanquished.

Grand Total: 1117 creatures vanquished

Notes
Turn   | Place    | Note
-------+----------+-------------------------------------------
     0 | D:1      | voltaire321 the Draconian Conjurer began the quest for the
                  | Orb.
     0 | D:1      | Reached XP level 1. HP: 14/14 MP: 3/3
   232 | D:1      | Reached XP level 2. HP: 22/22 MP: 1/5
   278 | D:1      | Learned a level 2 spell: Searing Ray
   553 | D:1      | Reached skill level 1 in Fighting
   637 | D:1      | Reached XP level 3. HP: 13/28 MP: 1/6
   836 | D:1      | Reached skill level 1 in Shields
  1638 | D:2      | Reached XP level 4. HP: 35/35 MP: 4/7
  2263 | D:3      | Reached skill level 2 in Shields
  2288 | D:3      | Found a broken altar of Ashenzari.
  2288 | D:3      | Found a sparkling altar of Nemelex Xobeh.
  2552 | D:3      | Noticed an ogre
  2558 | D:3      | Killed an ogre
  2559 | D:3      | Reached XP level 5. HP: 41/41 MP: 1/9
  3109 | D:3      | Noticed Sigmund
  3130 | D:3      | Killed Sigmund
  3131 | D:3      | Reached skill level 3 in Shields
  3131 | D:3      | Reached XP level 6. HP: 50/50 MP: 4/10
  3197 | D:3      | Found a sparkling altar of Nemelex Xobeh.
  3641 | D:3      | Found an ornate altar of the Wu Jian Council.
  3749 | D:4      | Found a transporter.
  3761 | D:4      | Found a transporter.
  3768 | D:4      | Noticed Grinder
  3778 | D:4      | Paralysed by Grinder for 4 turns
  3785 | D:4      | Paralysed by Grinder for 5 turns
  3793 | D:4      | Paralysed by Grinder for 6 turns
  3802 | D:4      | Paralysed by Grinder for 3 turns
  3815 | D:4      | Killed Grinder
  3816 | D:4      | Reached skill level 4 in Shields
  3816 | D:4      | Reached skill level 5 in Conjurations
  3816 | D:4      | Your scales start taking on a lurid green colour.
  3816 | D:4      | Reached XP level 7. HP: 26/57 MP: 1/12
  3816 | D:4      | Gained mutation: Your system is resistant to poisons.
                  | (rPois) [Green Draconian growth]
  4329 | D:4      | Found a glowing silver altar of Zin.
  4330 | D:4      | Found a shimmering altar of Xom.
  4330 | D:4      | Noticed an angel
  4510 | D:4      | Noticed Pikel
  4560 | D:4      | Killed Pikel
  4561 | D:4      | Reached XP level 8. HP: 55/67 MP: 1/15
  4737 | D:4      | Found a hazy altar of Hepliaklqana.
  4907 | D:4      | Found a hide-covered altar of Uskayaw.
  4990 | D:5      | Entered Level 5 of the Dungeon
  5078 | D:5      | Reached skill level 5 in Fighting
  5078 | D:5      | Reached skill level 5 in Dodging
  5175 | D:4      | Found a bloodstained altar of Trog.
  5175 | D:4      | Found a burning altar of Makhleb.
  5202 | D:5      | Noticed Prince Ribbit
  5320 | D:5      | Killed Prince Ribbit
  5321 | D:5      | Reached skill level 5 in Spellcasting
  5486 | D:5      | Noticed Edmund
  5498 | D:5      | Killed Edmund
  5603 | D:5      | Reached XP level 9. HP: 72/73 MP: 11/17
  6534 | D:5      | Found the +8 longbow "Zephyr" {speed, Dex+3 SInv}
  6935 | D:6      | Found a staircase to the Ecumenical Temple.
  6946 | Temple   | Entered the Ecumenical Temple
  7050 | Temple   | Became a worshipper of Vehumet
  7234 | D:6      | Noticed a two-headed ogre
  7245 | D:6      | Killed a two-headed ogre
  7983 | D:6      | Reached XP level 10. HP: 86/86 MP: 15/19
  8403 | D:6      | Reached * piety under Vehumet
  8403 | D:6      | Offered knowledge of Sandblast by Vehumet.
  8609 | D:7      | Found an iron altar of Okawaru.
  8804 | D:7      | Noticed Joseph
  8824 | D:7      | Killed Joseph
  9143 | D:7      | Noticed Maggie
  9150 | D:7      | Killed Maggie
  9318 | D:7      | Found a runed translucent door.
  9319 | D:7      | Noticed Crazy Yiuf
  9324 | D:7      | Killed Crazy Yiuf
  9521 | D:7      | Found a shimmering blue altar of Sif Muna.
  9521 | D:7      | Found a blossoming altar of Fedhas.
  9788 | D:8      | Found Xoddab's General Store.
  9791 | D:8      | Bought a scroll of remove curse for 39 gold pieces
 10167 | D:8      | Found a basalt altar of Yredelemnul.
 10204 | D:8      | Found Enucem's Antique Weapon Shop.
 10207 | D:8      | Found a sand-covered staircase.
 10208 | D:8      | Found Suhoitaf's Book Emporium.
 10212 | Ossuary  | Entered an ossuary
 10231 | Ossuary  | Offered knowledge of Freeze by Vehumet.
 10248 | Ossuary  | Reached ** piety under Vehumet
 10424 | Ossuary  | Offered knowledge of Stone Arrow by Vehumet.
 10495 | D:8      | Reached *** piety under Vehumet
 10524 | D:8      | Found Soewif's Antique Weapon Shoppe.
 10715 | D:8      | Found Bezobuq's Jewellery Boutique.
 10718 | D:8      | Upgraded the game from 0.26-a0-1147-g3780a7a11b to
                  | 0.26-a0-1164-g1a551d6a14
 10831 | D:8      | Offered knowledge of Static Discharge by Vehumet.
 11298 | D:9      | Learned a level 3 spell: Dazzling Flash
 11473 | D:9      | Reached XP level 11. HP: 84/95 MP: 16/22
 11642 | D:9      | Found a staircase to the Lair.
 11676 | D:9      | Reached **** piety under Vehumet
 11713 | D:9      | Found a runed translucent door.
 11713 | D:9      | Noticed an ice dragon
 11714 | D:9      | Noticed an ice dragon
 11871 | D:9      | Found the +2 shield of Resistance {rF++ rC++ Will++}
 11871 | D:9      | Noticed a fire dragon
 11873 | D:9      | Noticed a fire dragon
 11882 | D:9      | Found a runed translucent door.
 11927 | D:9      | Offered knowledge of Yara's Violent Unravelling by Vehumet.
 12494 | D:9      | Found a runed translucent gate.
 12495 | D:9      | Found a runed translucent gate.
 12495 | D:9      | Noticed a glowing orange brain
 12496 | D:9      | Found a runed translucent gate.
 12496 | D:9      | Noticed a red ugly thing
 12509 | D:9      | Noticed a red ugly thing
 12510 | D:9      | Noticed a white ugly thing
 12511 | D:9      | Noticed a white ugly thing
 12783 | D:10     | Entered Level 10 of the Dungeon
 12847 | D:10     | Noticed a two-headed ogre
 12877 | D:10     | Killed a two-headed ogre
 12878 | D:10     | Reached skill level 5 in Shields
 12888 | D:10     | Reached ***** piety under Vehumet
 12978 | D:10     | Reached skill level 10 in Shields
 12978 | D:10     | Reached XP level 12. HP: 105/105 MP: 24/24
 12994 | D:10     | Offered knowledge of Conjure Ball Lightning by Vehumet.
 13009 | D:10     | Learned a level 6 spell: Conjure Ball Lightning
 13117 | D:10     | Found a burning altar of Makhleb.
 13118 | D:10     | Noticed an Executioner
 13272 | D:10     | Reached skill level 1 in Air Magic
 13496 | D:10     | Found a staircase to the Orcish Mines.
 13631 | Lair:1   | Entered Level 1 of the Lair of Beasts
 13652 | Lair:1   | Got an ebony trident
 13654 | Lair:1   | Identified the +12 trident "Erchiani" {freeze, rF+ Int+5}
                  | (You found it on level 1 of the Lair of Beasts)
 13662 | Lair:1   | Found a gate leading to a gauntlet.
 13953 | Lair:1   | Found a snail-covered altar of Cheibriados.
 14094 | Lair:1   | Reached skill level 10 in Conjurations
 14104 | Lair:1   | Reached skill level 10 in Fighting
 14109 | Lair:1   | Reached skill level 11 in Shields
 14500 | Lair:1   | Found a runed translucent gate.
 14501 | Lair:1   | Found a runed translucent gate.
 14502 | Lair:1   | Found a runed translucent gate.
 14503 | Lair:1   | Noticed Numknucks's ghost (journeyman GrWz)
 14503 | Lair:1   | Noticed Frask's ghost (journeyman MiMo)
 14525 | Lair:1   | Found the amulet of the Four Winds {rN+ Will+++ Clar}
 14871 | Lair:2   | Found a frozen archway.
 14888 | IceCv    | Entered an ice cave
 14903 | IceCv    | Reached XP level 13. HP: 104/113 MP: 25/25
 16171 | Lair:2   | Found an ancient bone altar of Kikubaaqudgha.
 16318 | Lair:2   | Found a runed translucent door.
 16318 | Lair:2   | Noticed sokol815's ghost (journeyman OpAr)
 16518 | Lair:2   | Found a staircase to the Shoals.
 16870 | Lair:3   | Found a runed translucent door.
 17250 | Lair:3   | Noticed Snorg
 17598 | Lair:3   | Got a bone whip
 17600 | Lair:3   | Got a warped hat
 18007 | Lair:3   | Reached skill level 12 in Shields
 18283 | Lair:3   | Found a hole to the Spider Nest.
 18556 | Lair:3   | Got a crude jade ring
 18698 | Lair:3   | Killed Snorg
 18699 | Lair:3   | Reached skill level 5 in Air Magic
 19795 | Lair:4   | Noticed Rupert
 19862 | Lair:4   | Paralysed by Rupert for 2 turns
 20508 | Lair:4   | You fall into a shaft and drop 2 floors!
 20508 | Lair:6   | Entered Level 6 of the Lair of Beasts
 20642 | Lair:5   | Found a staircase to the Slime Pits.
 20707 | Lair:5   | Got a shimmering battleaxe
 20878 | Lair:5   | Reached skill level 10 in Dodging
 20924 | Lair:5   | Offered knowledge of Sticky Flame by Vehumet.
 20931 | Lair:5   | Learned a level 4 spell: Sticky Flame
 20949 | Lair:5   | Identified the ring "Neygebod" {rF+ Int-5 Dex+3 SInv} (You
                  | found it on level 3 of the Lair of Beasts)
 20962 | Lair:5   | Identified the +1 hat of Omission {rPois rCorr Int-2 SInv}
                  | (You found it on level 3 of the Lair of Beasts)
 21376 | Lair:4   | Killed Rupert
 21377 | Lair:4   | Reached skill level 13 in Shields
 21875 | Lair:4   | Identified the +2 whip of True Grit {venom, rPois rF- Str+4
                  | Int+4} (You found it on level 3 of the Lair of Beasts)
 21876 | Lair:4   | Identified the +1 battleaxe of Xadus {freeze, rElec Will+
                  | Str+4} (You found it on level 5 of the Lair of Beasts)
 21972 | Lair:4   | Gained mutation: Your tail ends in a poisonous barb. [Green
                  | Draconian growth]
 21972 | Lair:4   | Reached XP level 14. HP: 88/124 MP: 24/26
 23932 | Lair:6   | Found a shimmering blue altar of Sif Muna.
 25765 | Orc:1    | Entered Level 1 of the Orcish Mines
 25768 | Orc:1    | Found Questoy's Mass Market.
 25810 | Orc:1    | Found a roughly hewn altar of Beogh.
 25871 | Orc:2    | Entered Level 2 of the Orcish Mines
 25871 | Orc:2    | Found a staircase to the Elven Halls.
 26088 | Orc:2    | Noticed an orc warlord
 26237 | Orc:2    | Offered knowledge of Spellforged Servitor by Vehumet.
 26238 | Orc:2    | Reached skill level 1 in Polearms
 26246 | Orc:2    | Learned a level 5 spell: Fireball
 26274 | Orc:2    | Reached skill level 14 in Shields
 27114 | D:10     | Learned a level 4 spell: Summon Lightning Spire
 27314 | D:10     | Killed an orc warlord
 27699 | Orc:2    | Found Ohyhy's General Store.
 27763 | Orc:2    | Noticed an orc warlord
 27787 | Orc:2    | Killed an orc warlord
 28256 | Orc:2    | Noticed Jorgrun
 28273 | Orc:2    | Killed Jorgrun
 28328 | Orc:2    | Found Byuck's Jewellery Emporium.
 28485 | Orc:2    | Found Yresh's Antique Armour Emporium.
 28577 | Orc:2    | Bought a scroll of teleportation for 42 gold pieces
 28577 | Orc:2    | Bought a potion of heal wounds for 70 gold pieces
 28577 | Orc:2    | Bought a scroll of identify for 28 gold pieces
 28625 | Orc:2    | Found Pynuntymn's Antique Weapon Boutique.
 28860 | Orc:2    | Reached XP level 15. HP: 125/134 MP: 27/27
 28874 | Orc:2    | Found a roughly hewn altar of Beogh.
 29375 | Orc:1    | Offered knowledge of Bolt of Magma by Vehumet.
 29564 | Orc:1    | Learned a level 5 spell: Bolt of Magma
 29742 | Orc:1    | Reached skill level 1 in Summonings
 30719 | D:11     | Found a sparkling altar of Nemelex Xobeh.
 30831 | D:11     | Reached skill level 1 in Fire Magic
 30858 | D:11     | Identified the +8 hand axe "Samudghi" {distort, rPois Will+
                  | Dex+3}
 32651 | D:12     | You fall into a shaft and drop 1 floor!
 32668 | D:13     | Found Poman Evvib's Jewellery Shop.
 33462 | D:13     | Found Kuoptupp's Antique Armour Boutique.
 33465 | D:13     | Bought a pair of glowing gloves for 225 gold pieces
 33485 | D:13     | Found Teffiuse's Magic Scroll Shoppe.
 33491 | D:13     | Bought a scroll of identify for 24 gold pieces
 33491 | D:13     | Bought a scroll of identify for 24 gold pieces
 33491 | D:13     | Bought a scroll of identify for 24 gold pieces
 33491 | D:13     | Bought a scroll of identify for 24 gold pieces
 33491 | D:13     | Bought a scroll of identify for 24 gold pieces
 33491 | D:13     | Bought a scroll of holy word for 90 gold pieces
 33763 | D:14     | Offered knowledge of Orb of Destruction by Vehumet.
 33769 | D:14     | Found a gate to the Vaults.
 33925 | D:14     | Learned a level 7 spell: Orb of Destruction
 34248 | D:14     | Found a shimmering blue altar of Sif Muna.
 34604 | D:15     | Entered Level 15 of the Dungeon
 34621 | D:15     | Reached skill level 15 in Shields
 34621 | D:15     | Noticed Kirke
 34636 | D:15     | Killed Kirke
 35705 | D:15     | Reached skill level 5 in Polearms
 35705 | D:15     | Reached XP level 16. HP: 135/143 MP: 19/29
 35740 | D:15     | Noticed Louise
 35762 | D:15     | Killed Louise
 36062 | D:15     | Noticed Roxanne
 36207 | D:15     | Found a staircase to the Depths.
 36640 | D:9      | Found a runed translucent gate.
 36640 | D:9      | Found a runed translucent gate.
 36643 | D:9      | Found a runed translucent gate.
 36644 | D:9      | Noticed Orlauf's ghost (journeyman DsGl)
 36767 | Shoals:1 | Entered Level 1 of the Shoals
 36831 | Shoals:1 | Offered knowledge of Iskenderun's Battlesphere by Vehumet.
 39176 | Shoals:3 | Reached skill level 5 in Summonings
 39193 | Shoals:3 | Reached skill level 5 in Fire Magic
 39209 | Shoals:3 | HP: 3/144 [manticore (22)]
 39601 | Shoals:3 | Shot with a sling bullet by a satyr

Illustrated notes

Levels and vault maps discovered:
D:1:      dpeg_arrival_rhombi, layout_loops_ring
D:2:      layout_rooms
D:3:      layout_loops_corners, marbit_many_paths,
          gammafunk_temple_overflow_elements, nemelex_diamond_rough_becter,
          uniq_sigmund
D:4:      gammafunk_steamed_eel, layout_loops_ring,
          grunt_temple_overflow_order_and_chaos_1, lemuel_doored_altar,
          nicolae_overflow_hidden_temple, uniq_grinder, uniq_pikel
D:5:      kennysheep_windowed_halls, layout_rooms, grunt_decor_fettered,
          uniq_edmund, uniq_prince_ribbit1
D:6:      layout_gridville, minmay_temple_entry_wispy
D:7:      wander_river, layout_basic, okawaru_metal_pillars_1_2,
          gammafunk_temple_overflow_wave, uniq_crazy_yiuf_cottage, uniq_maggie,
          uniq_joseph
D:8:      layout_rooms, lemuel_mausoleum_altar_yredelemnul, serial_shops, shop,
          shop, kennysheep_mini_moat, shop, nicolae_shop_behind_doors,
          enter_ossuary_5, minmay_checkerbox
D:9:      layout_gridville, lair_entry_dummy,
          ploomutoo_gammafunk_ghost_potion_laboratory,
          hangedman_pestilent_swarm, minmay_guarded_unrand_resistance
D:10:     layout_rooms, hiddenorc1_lemuel, makhleb_altar_promises_db
D:11:     hangedman_screamer, layout_basic, basic_altar,
          lightli_fourway_metalbox
D:12:     layout_basic
D:13:     layout_loops_ring, serial_shops, nicolae_shop_behind_doors,
          shop_statue, nicolae_shop_competitors_out_of_business, drop_trap
D:14:     layout_loops_corners, david_vaults_1, wad_floor_pattern_untrapped,
          lemuel_blue_sif_altar
D:15:     grunt_enter_depths_magical_seal, layout_loops_ring,
          corexii_corridor_pit, uniq_louise, uniq_roxanne, uniq_kirke
Temple:   jpeg_temple_island
Lair:1:   layout_loops_ring, basic_altar, gauntlet_entry_generic,
          gammafunk_ghost_cemetery, lemuel_fruit_tree
Lair:2:   layout_regular_city, minmay_shoals_entry_lonely_mermaid,
          portal_ice_cave_entry_pillars_2, ebering_ghost_inner_flame,
          basic_altar
Lair:3:   gammafunk_indiana_jones, layout_small_grid,
          nicolae_spider_entry_non_spiders, nicolae_quartered_pool_medium,
          grunt_forest_stairs_clearing, uniq_snorg
Lair:4:   layout_long_grid, uniq_rupert
Lair:5:   layout_regular_city, minmay_slime_entry_pillars, minmay_hedge_maze
Lair:6:   guppyfry_lair_end_dragon, layout_long_grid, st_stairs_5,
          lemuel_centaur_altar
Shoals:1: layout_shoals, nzn_prometheus_bound
Shoals:2: layout_shoals, abandoned_shop
Shoals:3: layout_shoals, ebering_ghost_inner_flame, uniq_ilsuiw, uniq_polyphemus
Orc:1:    layout_caves, basic_altar, minmay_shop_mass
Orc:2:    grunt_orc_gardens, layout_caves, grunt_orc_garden, grunt_orc_garden,
          grunt_orc_garden, grunt_orc_garden, nicolae_orc_flooded_monolith,
          minmay_orc_temple_b, uniq_jorgrun

Skill      XL: |  1  2  3  4  5  6  7  8  9 10 11 12 13 14 15 16 |
---------------+-------------------------------------------------+-----
Dodging        | 2 3 4 5 6 7 8 9 10 11 12 | 12.0
Fighting       | 1 2 3 4 5 7 8 9 10 11 12 13 | 13.5
Shields        | 1 2 3 4 10 11 13 14 15 | 15.0
Spellcasting   | 3 4 5 6 7 8 9 |  9.7
Conjurations   | 5 6 7 9 10 11 | 11.5
Air Magic      | 3 6 7 8 |  8.0
Polearms       | 2 5 6 |  6.0
Summonings     | 3 5 |  5.0
Fire Magic     | 3 5 |  5.1
Stealth        | |  1.7

Action                   |  1- 3 |  4- 6 |  7- 9 | 10-12 | 13-15 | 16-18 || total
-------------------------+-------+-------+-------+-------+-------+-------++-------
Melee: Unarmed           |    30 |       |       |       |       |       ||    30
       Tailslap          |     5 |     4 |    15 |    36 |   130 |    10 ||   200
       Dagger            |    13 |    56 |    10 |       |       |       ||    79
       Whip              |       |       |    99 |   256 |       |       ||   355
       Trident           |       |       |       |    27 |  1155 |   213 ||  1395
 Cast: Magic Dart        |    59 |    64 |    31 |    75 |    69 |     6 ||   304
       Searing Ray       |     5 |    17 |    49 |   131 |   190 |    22 ||   414
       Conjure Ball Ligh |       |       |       |       |    18 |       ||    18
       Dazzling Flash    |       |       |       |       |     7 |     1 ||     8
       Summon Lightning  |       |       |       |       |     3 |     4 ||     7
       Fireball          |       |       |       |       |     7 |    31 ||    38
       Sticky Flame      |       |       |       |       |     2 |       ||     2
       Bolt of Magma     |       |       |       |       |    58 |    24 ||    82
 Abil: Breathe Noxious F |       |       |     4 |     3 |       |     1 ||     8
  Use: Scroll            |       |     2 |     3 |    25 |    23 |     2 ||    55
       Potion            |       |     1 |       |     1 |     4 |     5 ||    11
 Stab: Sleeping          |       |       |       |     4 |     2 |       ||     6
       Confused          |       |       |       |     1 |       |       ||     1
       Distracted        |       |       |       |       |     1 |       ||     1
       Invisible         |       |       |       |       |     1 |       ||     1
Armor: Skin              |    17 |    24 |    59 |    80 |   307 |    53 ||   540
Dodge: Dodged            |    25 |    53 |   130 |   331 |  1386 |   169 ||  2094
Block: Buckler           |       |       |    32 |   146 |   342 |       ||   520
       Kite shield       |       |       |       |       |   753 |   194 ||   947
       Reflection        |       |       |       |       |       |     3 ||     3

Table legend: (Time is in decaauts)
 A = Elapsed time spent in this place.
 B = Non-inter-level travel time spent in this place.
 C = Inter-level travel time spent in this place.
 D = Time resting spent in this place.
 E = Time spent auto-exploring this place.
 F = Levels seen in this place.
 G = Mean time per level.
                   A        B        C        D        E       F      G
               +--------+--------+--------+--------+--------+-----+--------+
         Total |  40174 |  39020 |   1154 |  14258 |  11872 |  29 | 1385.3 |
       Dungeon |  22036 |  21343 |    693 |   7458 |   7374 |  15 | 1469.1 |
        Temple |    135 |    135 |      0 |      0 |     27 |   1 |  135.0 |
          Lair |  10465 |  10013 |    452 |   3301 |   2713 |   6 | 1744.2 |
        Shoals |   2930 |   2925 |      5 |   1469 |    798 |   3 |  976.7 |
  Orcish Mines |   3256 |   3252 |      4 |   1158 |    959 |   2 | 1628.0 |
       Ossuary |    276 |    276 |      0 |     11 |      0 |   1 |  276.0 |
      Ice Cave |   1073 |   1073 |      0 |    861 |      0 |   1 | 1073.0 |
               +--------+--------+--------+--------+--------+-----+--------+

Top non-repeatable levels by time:
     D:9: 2784 daAuts
  Lair:3: 2530 daAuts
  Lair:6: 2093 daAuts
   Orc:2: 1993 daAuts
    D:10: 1878 daAuts
    D:15: 1852 daAuts
     D:6: 1726 daAuts
  Lair:2: 1698 daAuts
  Lair:4: 1694 daAuts
     D:5: 1613 daAuts
Shoals:2: 1525 daAuts
     D:3: 1483 daAuts
     D:8: 1482 daAuts
     D:1: 1457 daAuts
     D:4: 1379 daAuts
